 Dungeon Crawl Stone Soup version 0.31-a0-234-gad7ace16ef (webtiles) character file.

Game seed: 10616294836179722660

290 qw the Shooter (level 6, 0/51 HPs)
             Began as a Minotaur Hexslinger on July 9, 2023.
             Was an Initiate of Okawaru.
             Slain by a gnoll
             ... wielding a +0 flail
              (7 damage)
             ... on level 4 of the Dungeon.
             The game lasted 00:01:03 (3029 turns).

qw the Shooter (Minotaur Hexslinger)                Turns: 3029, Time: 00:01:04

Health: 0/51       AC:  6    Str: 13    XL:     6   Next: 9%
Magic:  6/6        EV: 11    Int: 10    God:    Okawaru [......]
Gold:   133        SH:  0    Dex: 14    Spells: 6/7 levels left

rFire   + + +        Y - +0 shortbow
rCold   . . .        (shield currently unavailable)
rNeg    . . .        k - +0 ring mail "Vuada" {rF+++}
rPois   +            (helmet restricted)
rElec   .            (no cloak)
rCorr   .            (no gloves)
SInv    .            i - +0 pair of boots
Will    .....        (no amulet)
Stlth   +            e - ring of poison resistance
HPRegen 0.28/turn    (no ring)
MPRegen 0.10/turn

%: no passive effects
@: no status effects
A: horns 2, retaliatory headbutt
a: Renounce Religion


You were on level 4 of the Dungeon.
You worshipped Okawaru.
Okawaru was noncommittal.
You visited 1 branch of the dungeon, and saw 4 of its levels.

You collected 133 gold pieces.


Innate Abilities, Weirdness & Mutations

You have a pair of horns on your head.
You reflexively headbutt those who attack you in melee.


   Skills:
 - Level 3.0 Fighting
 + Level 5.8 Ranged Weapons
 - Level 3.0 Armour
 - Level 2.1 Dodging
 - Level 1.0 Spellcasting
 - Level 2.0 Hexes


You had 6 spell levels left.
You knew the following spells:

 Your Spells              Type           Power      Damage    Failure   Level
a - Slow                  Hex            16%        N/A       30%         1

Your spell library contained the following spells:

 Spells                   Type           Power      Damage    Failure   Level
 Inner Flame              Hex/Fire       2%         N/A       80%         3
 Portal Projectile        Hex/Tloc       4%         N/A       80%         3
 Cause Fear               Hex            2%         N/A       97%         4

Inventory:

Hand Weapons
 Y - a +0 shortbow (weapon)
Armour
 i - a +0 pair of boots (worn)
 k - the +0 ring mail "Vuada" (worn) {rF+++}
   (You found it on level 3 of the Dungeon)

   rF:        It renders you almost immune to fire.
Jewellery
 b - a ring of protection from fire
 e - a ring of poison resistance (left hand)
Scrolls
 n - 4 scrolls of identify
Potions
 d - 2 potions of heal wounds {unknown}
 g - a potion of cancellation {unknown}
 h - a potion of curing {unknown}
 j - a potion of haste {unknown}
 o - a potion of might {unknown}

Dungeon Overview and Level Annotations

Branches:
Dungeon (4/15)             Temple (0/1) D:4

Altars:
Okawaru


Message History

The arrow closely misses the gnoll.
The gnoll shouts!
The gnoll hits you but does no damage.
You shoot an arrow. The arrow barely misses the gnoll.
The gnoll barely misses you.
You shoot an arrow. The arrow hits the gnoll.
The gnoll is almost dead.
You shoot an arrow.
The arrow hits the gnoll but does no damage.
You shoot an arrow. The arrow barely misses the gnoll.
The arrow hits the gnoll but does no damage.
The gnoll barely misses you. You furiously retaliate!
You headbutt the gnoll. The gnoll closely misses you.
The gnoll hits you with a +0 flail. The gnoll closely misses you.
The gnoll barely misses you. The gnoll closely misses you.
You shoot an arrow. The arrow closely misses the gnoll.
The gnoll closely misses you. The gnoll barely misses you.
The gnoll hits you from afar with a +0 halberd!
The gnoll misses you.
You shoot an arrow.
The arrow hits the gnoll but does no damage.
The gnoll is almost dead.
The gnoll hits you with a +0 flail. The gnoll hits you with a +0 whip.
The gnoll barely misses you. The gnoll hits you with a +0 flail!
You shoot an arrow. The arrow barely misses the gnoll.
The gnoll barely misses you. The gnoll closely misses you.
You furiously retaliate!
You headbutt the gnoll, but do no damage.
The gnoll barely misses you. You furiously retaliate!
You headbutt the gnoll. The gnoll closely misses you.
You shoot an arrow.
The arrow hits the gnoll but does no damage.
The gnoll is severely wounded.
The gnoll hits you with a +0 flail. The gnoll barely misses you.
The gnoll hits you with a +0 flail. The gnoll closely misses you.
You shoot an arrow. The arrow hits the gnoll.
You kill the gnoll!
Okawaru accepts your kill. The gnoll hits you with a +0 flail.
The gnoll hits you with a +0 flail!
You die...

## #####
.####.... .......
###.....### .#
#~~~~~~~~~#..#
###.#
#.#~#.....#~#..#
.....
>#..~.g!....~...#
.....
....~.g@....~...#
#####
#...~..)>...~...#
#...~g...?..~...#
....~.......~...#
...#~#.....#~#..#
#. #~~~~~~~~~# .#
. ###.....###..#
........).....#
#.##..##.####.#


You could see 3 gnolls.

Vanquished Creatures
  An ogre (D:4)
  A scorpion (D:3)
  A sleepcap (D:3)
  Robin (D:3)
  A gnoll (D:4)
  3 adders
  2 worms
  5 dart slugs
  2 orcs
  6 ball pythons
  5 bats
  2 endoplasms
  3 giant cockroaches
  9 goblins
  8 hobgoblins
  10 kobolds
  2 quokkas
  2 frilled lizards
  7 rats
71 creatures vanquished.

Notes
Turn   | Place    | Note
-------+----------+-------------------------------------------
     0 | D:1      | qw the Minotaur Hexslinger began the quest for the Orb.
     0 | D:1      | Reached XP level 1. HP: 16/16 MP: 1/1
     0 | D:1      | 0 ||| qw: Version: 0.3-a-51-g015441d
     0 | D:1      | 0 ||| qw: Game counter: 4067
     0 | D:1      | 0 ||| qw: Melee chars always use a shield: true
     0 | D:1      | 0 ||| qw: God list: Okawaru
     0 | D:1      | 0 ||| qw: Allow faded altars: false
     0 | D:1      | 0 ||| qw: Do Orc after clearing Dungeon:15 true
     0 | D:1      | 0 ||| qw: Do second Lair branch before Depths: true
     0 | D:1      | 0 ||| qw: Lair rune preference: random
     0 | D:1      | 0 ||| qw: Goals: Normal
     0 | D:1      | 0 ||| PLANNING D:1-11
    70 | D:1      | Reached skill level 3 in Ranged Weapons
    70 | D:1      | Reached XP level 2. HP: 23/23 MP: 2/2
    97 | D:1      | 97 ||| FLEEEEING.
    98 | D:1      | 98 ||| FLEEEEING.
   115 | D:1      | 115 ||| FLEEEEING.
   116 | D:1      | 116 ||| FLEEEEING.
   117 | D:1      | 117 ||| FLEEEEING.
   118 | D:1      | 118 ||| FLEEEEING.
   870 | D:1      | 870 ||| UPGRADING to ring of poison resistance.
   871 | D:1      | 871 ||| READING scroll labelled YMOER SUIMUG.
   872 | D:1      | 872 ||| READING scroll labelled VOIVVI TUR SUR.
   873 | D:1      | 873 ||| READING 3 scrolls labelled AGIWUR FEKHLEOPH.
   874 | D:1      | 874 ||| READING 2 scrolls of brand weapon.
   874 | D:1      | 874 ||| BRANDING +2 sling of freezing.
   875 | D:1      | 875 ||| READING scroll of brand weapon.
   875 | D:1      | 875 ||| BRANDING +2 sling of flaming.
   876 | D:1      | 876 ||| DROPPING scroll of poison.
   932 | D:2      | Reached XP level 3. HP: 29/29 MP: 3/3
  1094 | D:2      | Found an iron altar of Okawaru.
  1095 | D:2      | 1095 ||| PLANNING OKAWARU WORSHIP
  1095 | D:2      | 1095 ||| UPGRADING to ring of protection from fire.
  1103 | D:2      | Became a worshipper of Warmaster Okawaru
  1104 | D:2      | 1104 ||| PLANNING D:1-11
  1152 | D:2      | Found a faded altar of an unknown god.
  1153 | D:2      | Noticed an eye of devastation
  1162 | D:2      | Noticed a golden eye
  1164 | D:2      | Noticed an eye of devastation
  1164 | D:2      | Noticed a golden eye
  1247 | D:2      | 1247 ||| READING scroll of brand weapon.
  1247 | D:2      | 1247 ||| BRANDING +2 sling of freezing.
  1292 | D:2      | Reached skill level 4 in Ranged Weapons
  1303 | D:2      | 1303 ||| SWAPPING to +0 shortbow.
  1304 | D:2      | 1304 ||| DROPPING +2 sling of draining.
  1561 | D:2      | 1561 ||| UPGRADING to +0 pair of boots.
  1566 | D:2      | 1566 ||| READING scroll labelled YFOS SORUWKIAJY.
  1567 | D:2      | 1567 ||| READING scroll labelled TUDAC XESUWKAO.
  1568 | D:2      | 1568 ||| READING scroll labelled EWNIKHL CEUN.
  1569 | D:2      | 1569 ||| READING scroll labelled KEMEYLEQYD.
  1653 | D:3      | Reached XP level 4. HP: 36/36 MP: 4/4
  1727 | D:3      | Noticed Robin
  1735 | D:3      | Noticed a scorpion
  1742 | D:3      | Killed Robin
  1746 | D:3      | Killed a scorpion
  1746 | D:3      | HP: 7/36 [hobgoblin[Robin] (4)]
  1747 | D:3      | Reached skill level 5 in Ranged Weapons
  1747 | D:3      | Reached XP level 5. HP: 8/41 MP: 5/5
  1751 | D:3      | HP: 4/41 [poisoned by a scorpion]
  1790 | D:3      | 1790 ||| FLEEEEING.
  1791 | D:3      | 1791 ||| FLEEEEING.
  1792 | D:3      | 1792 ||| FLEEEEING.
  1908 | D:3      | Identified the +0 ring mail "Vuada" {rF+++}
  2436 | D:3      | Reached skill level 3 in Fighting
  2453 | D:3      | 2453 ||| UPGRADING to +0 ring mail "Vuada" {rF+++}.
  2463 | D:3      | 2463 ||| REMOVING ring of protection from fire.
  2464 | D:3      | 2464 ||| DROPPING +0 robe.
  2465 | D:3      | 2465 ||| READING scroll labelled WAWNAU BIYM.
  2466 | D:3      | 2466 ||| READING scroll labelled LOOVVO JUCE.
  2467 | D:3      | 2467 ||| READING scroll labelled AKKYTI QISIZYP.
  2468 | D:3      | 2468 ||| READING 2 scrolls of identify.
  2468 | D:3      | 2468 ||| IDENTIFYING golden potion
  2469 | D:3      | 2469 ||| DROPPING potion of brilliance.
  2566 | D:4      | Noticed an ogre
  2572 | D:4      | HP: 3/45 [ogre/+0 giant spiked club (23)]
  2575 | D:4      | Killed an ogre
  2576 | D:4      | Reached skill level 3 in Armour
  2576 | D:4      | Reached XP level 6. HP: 5/51 MP: 6/6
  2992 | D:4      | Found a staircase to the Ecumenical Temple.
  3029 | D:4      | HP: 7/51 [gnoll/+0 flail (6)]
  3029 | D:4      | Slain by a gnoll

Levels and vault maps discovered:
D:1:      nicolae_arrival_washed_ashore, layout_loops_corners
D:2:      layout_loops_cross, hellmonk_ecumenical_altar_watching_god,
          basic_altar, grunt_decor_junction
D:3:      layout_basic, uniq_robin
D:4:      layout_basic, minmay_temple_entry_water_ring, grunt_ministairs_13,
          st_stairs_13, uniq_eustachio

Skill      XL: |  1  2  3  4  5 |
---------------+----------------+-----
Ranged Weapons | 3 4 5 |  5.8
Fighting       | 2 3 |  3.0
Armour         | 3 |  3.0
Dodging        | |  2.1
Spellcasting   | |  1.0
Hexes          | |  2.0

Action                     |  1- 3 |  4- 6 || total
---------------------------+-------+-------++-------
   Fire: Sling             |    77 |       ||    77
         Shortbow          |    15 |   115 ||   130
    Use: Scroll            |    10 |     4 ||    14
 Armour: Robe              |     7 |    11 ||    18
         Ring mail         |       |     3 ||     3
  Dodge: Dodged            |    24 |    39 ||    63

Table legend:
 A = Non-vault XP
 B = Vault XP
 C = Vault XP percentage of total XP
 D = Non-vault monster count
 E = Vault monster count
 F = Vault count percentage of total count
                 A         B        C        D         E       F
            +---------+---------+-------+---------+---------+-------
      Total |     273 |     156 |  36.4 |      57 |      14 |  19.7
            +---------+---------+-------+---------+---------+-------
        D:1 |      39 |       0 |   0.0 |      23 |       0 |   0.0
        D:2 |      24 |       0 |   0.0 |      11 |       0 |   0.0
        D:3 |     169 |      35 |  17.2 |      15 |      11 |  42.3
        D:4 |      41 |     121 |  74.7 |       8 |       3 |  27.3
            +---------+---------+-------+---------+---------+-------
